 Dungeon Crawl Stone Soup version 0.29.1-2-gbd0b4ee654 (webtiles) character file.

Game seed: 11109539041271984358

176 Goreval the Sneak (level 5, 0/42 HPs)
             Began as a Naga Enchanter on Nov 16, 2022.
             Slain by a phantom (4 damage)
             ... on level 3 of the Dungeon.
             The game lasted 00:13:25 (2683 turns).

Goreval the Sneak (Naga Enchanter)                  Turns: 2683, Time: 00:13:26

Health: 0/42       AC:  6    Str: 10    XL:     5   Next: 56%
Magic:  9/9        EV:  7    Int: 18    God:
Gold:   65         SH:  0    Dex: 11    Spells: 7/9 levels left

rFire   . . .      SeeInvis +   a - +1 dagger
rCold   . . .      Faith    .   (no shield)
rNeg    . . .      Spirit   .   b - +0 robe
rPois   +          Reflect  .   (no helmet)
rElec   .          Harm     .   (no cloak)
rCorr   .          Rampage  .   (no gloves)
Will    .....                   h - +0 barding
Stlth   +++.......              i - amulet of magic regeneration
HPRegen 0.14/turn               (no ring)
MPRegen 0.51/turn               (no ring)

@: about to teleport, very slow
A: AC +1, large, see invisible, deformed body, poison resistance, slowness 2,
spit poison 1, naga tail 1
a: Spit Poison


You were on level 3 of the Dungeon.
You visited 1 branch of the dungeon, and saw 3 of its levels.

You collected 87 gold pieces.
You spent 22 gold pieces at shops.

Inventory:

Hand Weapons
 a - a +1 dagger (weapon)
Armour
 b - a +0 robe (worn)
 h - a +0 barding (worn)
Jewellery
 i - an amulet of magic regeneration (around neck)
 n - a ring of ice
Scrolls
 d - 2 scrolls of noise
 e - 3 scrolls of identify
 g - a scroll of amnesia {unknown}
 k - a scroll of teleportation
 m - a scroll of poison {unknown}
Potions
 c - a potion of invisibility
 f - a potion of might
 j - 2 potions of curing
 l - a potion of brilliance {unknown}


   Skills:
 * Level 3.0 Short Blades
 - Level 1.5 Dodging
 + Level 5.5 Stealth
 + Level 2.6 Spellcasting
 * Level 4.2 Hexes


You had 7 spell levels left.
You knew the following spells:

 Your Spells              Type           Power      Damage    Failure   Level
a - Ensorcelled Hibernat  Hex/Ice        20%        N/A       11%         2

Your spell library contained the following spells:

 Spells                   Type           Power      Damage    Failure   Level
 Confusing Touch          Hex            17%        N/A       9%          3
 Tukima's Dance           Hex            17%        N/A       9%          3
 Dazzling Flash           Conj/Hex       20%        N/A       22%         3


Dungeon Overview and Level Annotations

Branches:
Dungeon (3/15)

Altars:

Shops:
D:1 *

Annotations:
D:3 Ijyb


Innate Abilities, Weirdness & Mutations

Your serpentine skin is tough. (AC +1)
You have supernaturally acute eyesight. (SInv)
Armour fits poorly on your strangely shaped body.
Your system is resistant to poisons. (rPois)
You cover ground very slowly.
You can spit poison.
You have a snake-like lower body.


Message History

You kill the adder!
The phantom barely misses you.
You don't know that spell.
You hit the phantom but do no damage. The phantom hits you.
Okay, then.
Here: a phantom The floor.
Unknown command.
You hit the phantom. The phantom completely misses you.
You closely miss the phantom. The phantom hits you.
The phantom blinks!
You blink.
You miss the phantom.
The phantom hits you but does no damage.
The goblin hits you but does no damage.
Unknown command.
You barely miss the phantom. You hit the phantom but do no damage.
The phantom hits you.
The phantom blinks!
You blink.
You closely miss the phantom.
The phantom hits you but does no damage.
You hit the phantom. The phantom barely misses you.
You barely miss the phantom. The phantom hits you.
* * * LOW HITPOINT WARNING * * *
The phantom blinks!
You blink.
The phantom attacks as you move away! The phantom barely misses you.
Okay, then.
As you read the scroll labelled SEARYI MASS, it crumbles to dust.
You hear a loud clanging noise!
It was a scroll of noise.
The phantom hits you.
* * * LOW HITPOINT WARNING * * *
The goblin hits you but does no damage.
As you read the scroll labelled GAASHR NISMUOL, it crumbles to dust.
You feel strangely unstable.
It was a scroll of teleportation.
The phantom barely misses you. The goblin closely misses you.
The phantom attacks as you move away! The phantom hits you.
* * * LOW HITPOINT WARNING * * *
The goblin hits you but does no damage. The phantom hits you.
You die...

.......# #.#.####.# ######.#
#.....##.### .......# ##..........#
######.####......##.#.#
##...............##.#.#
...###.####....#.##.#.# .......#
##........#.## ######.#
#..##gW.....# .....#.#
#.....@###..# ).).)).# ##'####.#
#..# ####.### ##...###.# #..##
###.# ##.....##.# #...# ##.#.#
##.......#.# ##..# .
#....###..........###...##########.
.......'..........................#
#....###.........####...#.######.##
.....# ##.......## ##.##.# ##.#


You could see a phantom and a goblin.

Vanquished Creatures
  4 gnolls (D:3)
  7 adders
  2 worms (D:2)
  3 dart slugs
  4 orcs (D:3)
  7 ball pythons
  4 bats
  6 endoplasms
  3 giant cockroaches
  3 hobgoblins
  2 jackals (D:3)
  A quokka (D:2)
  5 frilled lizards
  2 goblins (D:1)
  6 kobolds
  3 rats (D:2)
62 creatures vanquished.

Notes
Turn   | Place    | Note
-------+----------+-------------------------------------------
     0 | D:1      | Goreval the Naga Enchanter began the quest for the Orb.
     0 | D:1      | Reached XP level 1. HP: 15/15 MP: 3/3
   211 | D:1      | Reached XP level 2. HP: 22/22 MP: 5/5
   214 | D:1      | Learned a level 2 spell: Ensorcelled Hibernation
   354 | D:1      | Found a faded altar of an unknown god.
   641 | D:1      | Found Wuecima's General Store.
   649 | D:1      | Bought a scroll of identify for 22 gold pieces
  1078 | D:2      | Reached XP level 3. HP: 28/28 MP: 6/6
  1222 | D:2      | Reached skill level 5 in Stealth
  1376 | D:2      | Reached XP level 4. HP: 34/36 MP: 2/7
  1804 | D:3      | Noticed Ijyb
  1961 | D:3      | Reached XP level 5. HP: 19/42 MP: 8/8
  2622 | D:3      | Noticed a phantom
  2683 | D:3      | Slain by a phantom

Illustrated notes

Levels and vault maps discovered:
D:1:      amcnicky_arrival_abandoned_market, layout_basic,
          ebering_ecumenical_altar_ruins, serial_shops, shop
D:2:      layout_rooms, corexii_item_surrounded_by_moat
D:3:      layout_loops_corners, mainiacjoe_overflow_paths,
          minmay_misc_feat_five, uniq_ijyb

Skill      XL: |  1  2  3  4  5 |
---------------+----------------+-----
Short Blades   | 2 3 |  3.0
Stealth        | 5 |  5.5
Hexes          | 4 |  4.2
Dodging        | |  1.5
Spellcasting   | |  2.6

Action                   |  1- 3 |  4- 6 || total
-------------------------+-------+-------++-------
Melee: Dagger            |    55 |    78 ||   133
 Cast: Ensorcelled Hiber |     9 |    15 ||    24
 Abil: Spit Poison       |    11 |     8 ||    19
  Use: Scroll            |       |     4 ||     4
       Potion            |       |     2 ||     2
 Stab: Sleeping          |    15 |    12 ||    27
       Distracted        |       |     1 ||     1
       Invisible         |       |     1 ||     1
Armor: Robe              |    12 |    59 ||    71
Dodge: Dodged            |    16 |    38 ||    54
